 Dungeon Crawl Stone Soup version 0.18-a0-1639-g7533f42 (webtiles) character file.

573 M4edhros the Sneak (level 7, -2/46 HPs)
             Began as an Octopode Fighter on Mar 27, 2016.
             Was an Initiate of Gozag.
             Slain by a wyvern zombie (11 damage)
             ... on level 4 of the Dungeon.
             The game lasted 00:05:07 (3382 turns).

M4edhros the Sneak (Octopode Fighter)               Turns: 3382, Time: 00:05:08

Health: -2/46      AC:  1    Str: 16    XL:     7   Next: 34%
Magic:  7/7        EV: 12    Int: 10    God:    Gozag
Gold:   505        SH:  9    Dex: 13    Spells: 0 memorised, 6 levels left

rFire  . . .     SeeInvis .     a - +0 trident
rCold  . . .     Gourm    .     b - +0 shield
rNeg   . . .     Faith    .     (helmet restricted)
rPois  .         Spirit   .     (no amulet)
rElec  .         Dismiss  .     u - ring of wizardry
rCorr  .         Reflect  .     (no ring)
SustAt .         Harm     .     (no ring)
MR     .....                    (no ring)
Stlth  ++++......               (no ring)
                                (no ring)
                                (no ring)
                                (no ring)

@: very slightly contaminated, starving, hasted, very quick, not resistant to
hostile enchantments, stealthy
A: almost no armour, amphibious, 8 rings, constrict 8, camouflage 1, gelatinous
body 1
a: Potion Petition, Call Merchant, Bribe Branch, Renounce Religion


You were on level 4 of the Dungeon.
You worshipped Gozag.
Gozag was noncommittal.
You were starving.

You visited 1 branch of the dungeon, and saw 4 of its levels.

You collected 559 gold pieces.
You paid 54 gold pieces to Gozag.

Inventory:

Hand Weapons
 a - a +0 trident (weapon)
 k - a +0 hunting sling
Missiles
 e - 52 stones (quivered)
Armour
 b - a +0 shield (worn)
Jewellery
 u - a ring of wizardry (left tentacle)
Wands
 c - a wand of digging (14/24)
 g - a wand of slowing (3/48)
Scrolls
 i - a scroll of remove curse {unknown}
 j - 2 scrolls of identify {unknown}
 l - a scroll of enchant weapon {unknown}
 m - 2 scrolls of enchant armour {unknown}
 q - a scroll of magic mapping {unknown}
 r - 2 scrolls of teleportation {unknown}
 t - a scroll of blinking {unknown}
Potions
 h - a potion of curing {unknown}
 p - 2 potions of cancellation {unknown}
 s - a potion of cure mutation {unknown}
Comestibles
 d - 2 bread rations
 f - 3 beef jerkies
 o - a slice of pizza


   Skills:
 - Level 3.0 Fighting
 + Level 4.1 Polearms
 + Level 4.9 Dodging
 + Level 5.0 Stealth
 + Level 4.9 Shields


You had 6 spell levels left.
You didn't know any spells.

Dungeon Overview and Level Annotations

Branches:
Dungeon (4/15)
 Temple: D:4-7

Altars:
Dithmenos
Gozag
Sif Muna
Xom
The Shining One

Annotations:
D:4 M4edhros's ghost, amateur OpFi


Innate Abilities, Weirdness & Mutations

You cannot wear most types of armour.
You are amphibious.
You can wear up to eight rings at the same time.
You can use your tentacles to constrict eight enemies at once.
Your skin changes colour to match your surroundings (Stealth).
Your rubbery body absorbs attacks (AC +1).


Message History

You squeeze the wyvern zombie, but do no damage.
The wyvern zombie closely misses you.
Attack whom?
Press: ? - help, Dir - move target cursor, f/p - wyvern zombie
Aim: a wyvern zombie You hit the wyvern zombie.
You are starving!
The wyvern zombie bites you!
* * * LOW HITPOINT WARNING * * *
Attack whom?
Press: ? - help, Dir - move target cursor, f/p - wyvern zombie
Aim: a wyvern zombie You hit the wyvern zombie but do no damage.
You block the wyvern zombie's attack.
Attack whom?
Press: ? - help, Dir - move target cursor, f/p - wyvern zombie
Aim: a wyvern zombie You hit the wyvern zombie.
The wyvern zombie bites you!
You die...
Your body crumbles into a pile of gold.

#.........((##?
###....##......
######....##..(....
..............(....
..................<
....................
.
########..##........#
..###.####..##......
...........@........
...........Z........
....................
....................
#######.######......
#+ ### ...... .
....#. %..# ...#


You could see a wyvern zombie.

Vanquished Creatures
  An ogre (D:4)
  A phantom (D:4)
  The ghost of 4thArraOfDagon the Skirmisher, a weakling HuFi of Okawaru (D:3)
  A hound (D:4)
  Jessica (D:2)
  Terence (D:2)
  Natasha (thrice) (D:2)
  Robin (D:3)
  4 adders (D:3)
  4 gnolls (D:3)
  2 oozes
  A worm (D:1)
  5 giant geckos
  2 orcs
  3 ball pythons
  13 bats
  4 giant cockroaches
  19 goblins
  12 hobgoblins
  11 jackals
  A quokka (D:3)
  3 giant newts
  2 kobolds
  5 rats
101 creatures vanquished.

Notes
Turn   | Place    | Note
--------------------------------------------------------------
     0 | D:1      | M4edhros the Octopode Fighter began the quest for the Orb.
     0 | D:1      | Reached XP level 1. HP: 16/16 MP: 1/1
    73 | D:1      | Reached XP level 2. HP: 19/21 MP: 2/2
   125 | D:1      | Reached skill level 1 in Stealth
   287 | D:1      | Reached XP level 3. HP: 24/26 MP: 3/3
   382 | D:2      | Noticed Terence
   399 | D:2      | Killed Terence
   399 | D:2      | Reached skill level 2 in Stealth
   399 | D:2      | Reached XP level 4. HP: 13/31 MP: 4/4
   446 | D:2      | Noticed Robin
   491 | D:3      | Found an opulent altar of Gozag.
   539 | D:3      | Found a shimmering altar of Xom.
   572 | D:3      | Reached XP level 5. HP: 22/36 MP: 5/5
   866 | D:3      | Found a shadowy altar of Dithmenos.
   891 | D:3      | Noticed 4thArraOfDagon's ghost (weakling HuFi)
  1004 | D:3      | Became a worshipper of Gozag Ym Sagoz the Greedy
  1226 | D:3      | Reached skill level 3 in Stealth
  1243 | D:3      | Killed Robin
  1465 | D:2      | Found a glowing golden altar of the Shining One.
  1486 | D:2      | Noticed Jessica
  1490 | D:2      | Killed Jessica
  1612 | D:2      | Noticed Natasha
  1622 | D:2      | Killed Natasha
  1622 | D:2      | Reached XP level 6. HP: 26/42 MP: 6/6
  1721 | D:2      | Found a deep blue altar of Sif Muna.
  2188 | D:2      | Noticed Natasha
  2192 | D:2      | Killed Natasha
  2199 | D:2      | Noticed Natasha
  2206 | D:2      | Killed Natasha
  2714 | D:3      | Killed 4thArraOfDagon's ghost
  2714 | D:3      | Reached skill level 4 in Stealth
  2845 | D:4      | Reached XP level 7. HP: 46/46 MP: 7/7
  2926 | D:4      | Noticed M4edhros's ghost (amateur OpFi)
  3358 | D:4      | Reached skill level 5 in Stealth
  3382 | D:4      | Slain by a wyvern zombie

Vault maps used:
D:1:      evilmike_arrival_run_for_it
D:2:      led_sif_pool, nicolae_tso_carved_into_rock, minmay_distorted,
          uniq_robin, uniq_jessica, uniq_natasha, uniq_terence
D:3:      kennysheep_the_goblin_king, grunt_dithmenos_smoke_and_mirrors,
          overflow_temple_1_default, xom_teletrap_fun
D:4:      lemuel_crystal_altar, temple_hall, first_bread, uniq_pikel

Skill      XL: |  1  2  3  4  5  6  7 |
---------------+----------------------+-----
Stealth        | 1 2 3 4 5 |  5.0
Polearms       | 3 4 |  4.1
Dodging        | 4 |  4.9
Shields        | 4 |  4.9
Fighting       | |  3.0

Action                   |  1- 3 |  4- 6 |  7- 9 || total
-------------------------+-------+-------+-------++-------
Melee: Trident           |    75 |   153 |    46 ||   274
 Fire: Hunting sling     |       |       |    33 ||    33
Evoke: Wand              |       |       |     2 ||     2
  Use: Potion            |       |     2 |     1 ||     3
 Stab: Sleeping          |     4 |    16 |     3 ||    23
       Distracted        |       |     1 |       ||     1
  Eat: Beef jerky        |       |     1 |       ||     1
       Meat ration       |       |     1 |       ||     1
